Quirre, neutral female human Valkyrie ####### # ### # ### -.+-- # X@... ### |...+ ----- # |...| |.... # |...| ##....| |...| |.<..## |...| |...| ----- |...| ----- Quirre the Woman-at-arms Experience level: 11 Strength: 18/19 Dexterity: 13 Constitution: 18 Intelligence: 8 Wisdom: 12 Charisma: 11 Health: 0(112) Energy: 41(41) Def: 20 Gold: 218 Moves: 17006 Dungeon seed: Cl0Egn_MA4o603LD Game ID: Quirre_1543935981 Your Inventory: Coins $ - 218 gold pieces Weapons j - 11 uncursed +0 darts p - a blessed rusty +3 axe named Mighty Axe (weapon in hand) q - an uncursed +2 javelin named +2 G - a blessed +3 spear named +3 O - a blessed +2 dwarvish spear named +2 (in quiver) X - a blessed +6 orcish dagger named Orphan Maker Armor o - a blessed +2 gray dragon scale mail (being worn) r - an uncursed +2 cloak of displacement (being worn) t - an uncursed +0 pair of elven boots (being worn) y - an uncursed +0 pair of leather gloves (being worn) z - a blessed very rusty +1 orcish helm (being worn) W - an uncursed +0 shield of reflection (being worn) Comestibles g - an uncursed food ration M - 2 uncursed lumps of royal jelly P - an uncursed lizard corpse Scrolls F - an uncursed scroll of identify Z - an uncursed scroll of magic mapping Rings f - an uncursed ring of warning K - an uncursed ring of poison resistance Wands c - an uncursed wand of cold (0:4) h - an uncursed wand of speed monster (0:7) i - an uncursed wand of striking (0:1) m - a blessed wand of cold (0:4) n - an uncursed wand of striking (0:5) u - an uncursed wand of speed monster (0:4) w - an uncursed wand of wishing (1:1) B - an uncursed wand of striking (0:6) I - an uncursed wand of cold (0:8) N - an uncursed wand of enlightenment (0:11) R - a cursed wand of magic missile (0:4) U - an uncursed wand of light (0:13) V - an uncursed wand of striking (0:4) Tools b - a blessed oil lamp (0:1480) l - an uncursed towel x - an uncursed bag of holding C - an uncursed lock pick D - an uncursed pair of lenses (being worn) J - a blessed magic lamp (lit) L - an uncursed bag of tricks (0:14) T - an uncursed -4 unicorn horn Gems d - an uncursed worthless piece of green glass e - 3 uncursed worthless pieces of red glass k - 2 uncursed worthless pieces of black glass v - an uncursed worthless piece of orange glass S - an uncursed luckstone Y - 2 uncursed worthless pieces of violet glass Contents of the bag of holding: 13736 gold pieces an uncursed amulet of restful sleep a [blessed] [+6] crossbow named Crossbow of Truth a [uncursed] [+3] elven short sword named Sword of Justice a [blessed] [+2] knife named Knife of Redress a [uncursed] [+0] elven cloak a [uncursed] [+0] pair of elven boots 9 uncursed food rations a [uncursed] pancake an uncursed sprig of wolfsbane 4 [uncursed] strawberries a [cursed] tin [of acid blob] a [uncursed] tin [of iguana meat] 2 [uncursed] tripe rations a [uncursed] scroll of charging a [blessed] scroll of confuse monster a [uncursed] scroll of confuse monster 4 [uncursed] scrolls of create monster 2 [uncursed] scrolls of enchant armor 4 [uncursed] scrolls of enchant weapon a [uncursed] scroll of fire 3 [uncursed] scrolls of gold detection 2 [uncursed] scrolls of identify a [cursed] scroll of identify a [uncursed] scroll of punishment a [uncursed] scroll of remove curse a [uncursed] scroll of taming a [uncursed] spellbook of cause fear a [uncursed] spellbook of cone of cold a [uncursed] spellbook of create monster a [uncursed] spellbook of haste self a [uncursed] spellbook of magic mapping a [uncursed] spellbook of magic missile a [uncursed] spellbook of remove curse a [uncursed] spellbook of stone to flesh a [uncursed] spellbook of wizard lock a [uncursed] potion of extra healing 2 [uncursed] potions of fruit juice a [uncursed] potion of gain ability 2 [blessed] potions of gain energy a [uncursed] potion of healing a [uncursed] potion of levitation a [uncursed] potion of paralysis a [uncursed] potion of restore ability a [uncursed] potion of see invisible a [uncursed] potion of speed 2 [uncursed] potions of water an uncursed ring of poison resistance an uncursed can of grease (0:19) 7 uncursed tallow candles (0:200) an uncursed tin opener an uncursed tin whistle a [uncursed] jasper an uncursed touchstone a [uncursed] worthless piece of red glass a [uncursed] worthless piece of yellowish brown glass Spells and supernatural/magical abilities: Name Level Category Fail Memory W - pray for help -- divine ? -- Your skills at the end: Miscellaneous Skills shield [Skilled] wands [Basic] Weapon Skills dagger [Basic] axe [Basic] spear [Skilled] Spellcasting Skills Final Attributes: You were devoutly aligned. You were cold resistant. You were sleep resistant. You were poison resistant. You were magic-protected. You saw invisible. You were telepathic. You had automatic searching. You were displaced. You could fly. You were fast. You had reflection. You were very lucky. You had extra luck. Bad luck did not time out for you. Good luck did not time out for you. You are dead. Vanquished creatures: a titanothere 2 ghosts an ettin a queen bee 3 giant mimics a fire giant a large mimic a wumpus a long worm a couatl 2 stalkers a giant mummy a black naga a giant zombie a sergeant a quantum mechanic 6 small mimics a glass piercer a warhorse a xan an ettin mummy an ogre lord a troll a wood golem a pyrolisk a large dog 2 flaming spheres a shocking sphere a large cat 2 tigers a dwarf king 2 tengu a gelatinous cube a leocrotta 2 energy vortices a mountain centaur 2 giants 3 human mummies a Grey-elf a pit viper a cobra 2 ettin zombies 2 succubi 2 giant beetles a cockatrice 2 wolves a leprechaun 2 quivering blobs 2 lizards 2 orc-captains 2 giant spiders 2 iron piercers a horse 2 vampire bats 2 forest centaurs 3 gnome kings 2 dwarf mummies a Green-elf 2 rust monsters 4 owlbears a yeti a gold golem 2 piranhas a chickatrice a dog 2 jaguars 4 dwarf lords 3 blue jellies a white unicorn 2 ravens 3 plains centaurs a Woodland-elf 4 snakes 3 apes 4 human zombies a rope golem 4 soldier ants 3 fire ants 5 yellow lights 11 bugbears 2 imps a baby crocodile 2 wood nymphs 17 Mordor orcs 11 Uruk-hai 13 orc shamans a rock mole 3 rock piercers 2 fog clouds a shrieker 18 gnome lords 4 gnomish wizards 7 kobold mummies a black naga hatchling 4 gray oozes a barrow wight 7 elf zombies a ghoul 8 giant ants a puppy 4 floating eyes a kitten 19 dwarves 3 homunculi a quasit 2 kobold lords 3 kobold shamans 3 iguanas 24 hill orcs 6 rothes a rabid rat 2 centipedes 4 jitterbugs a giant bat a monkey 2 orc zombies 19 killer bees a coyote 3 gas spores 6 hobbits 2 acid blobs 2 large kobolds 8 geckos 21 hobgoblins 14 giant rats 8 cave spiders 2 brown molds 4 yellow molds a green mold 63 gnomes 15 manes 15 jackals 3 kobolds 10 newts 14 goblins 6 sewer rats 10 grid bugs 5 bats 6 lichens 3 kobold zombies 574 creatures vanquished. Voluntary challenges: You did not cause conflict. You were not invisible. You had been an atheist until turn 2712. You used a wielded weapon 1036 times, starting on turn 10. You did not use plumbed fixtures. You read items or engraved 5 times, starting on turn 13444. You never genocided any monsters. You never polymorphed an object. You never changed form. You completed Sokoban on turn 11376, according to the rules. You used 1 wish, starting on turn 6234. You did not wish for any artifacts. You split 2 puddings, starting on turn 16925. You never wrote Elbereth's name. You never violated your personal moral code. Dungeon overview: The Dungeons of Doom: levels 1 to 18 Level 1 a fountain a long staircase Level 2 Level 3 some fountains Level 4 a sink stairs to The Gnomish Mines Level 5 a general store, some fountains Level 6 a fountain, a sink Level 7 many fountains Level 8 some fountains stairs to Sokoban Level 9 a scroll shop, a fountain Level 10 a sink Level 11 Level 12 a fountain Level 13 Level 14 a magic portal Level 15 a fountain Level 16 a fountain Level 17 Level 18 <- You were here The Gnomish Mines: levels 5 to 12 Level 5 stairs to The Dungeons of Doom Level 6 Level 7 Level 8 many shops, a temple to Loki, a magic chest, some fountains, some trees Level 9 Level 10 Level 11 Level 12 many altars to Odin and Moloch, a magic chest, some fountains Sokoban: levels 4 to 7 Level 4 a magic chest Level 5 Level 6 Level 7 a magic chest stairs to The Dungeons of Doom History has recorded: On T:1 you entered the Dungeons of Doom to retrieve the Amulet of Yendor! On T:510 you reached level 2 of The Dungeons of Doom. On T:724 you advanced to experience level 2. On T:827 you reached level 3 of The Dungeons of Doom. On T:1404 you reached level 4 of The Dungeons of Doom. On T:1487 you advanced to experience level 3. On T:1904 you reached level 1 of The Gnomish Mines. On T:1917 you advanced to experience level 4. On T:2113 you advanced to experience level 5. On T:2391 you reached level 2 of The Gnomish Mines. On T:2515 you advanced to experience level 6. On T:2639 you reached level 3 of The Gnomish Mines. On T:2712 you prayed to Odin. On T:2960 you reached level 4 of The Gnomish Mines. On T:3037 you advanced to experience level 7. On T:3125 you entered the Minetown temple On T:3143 you opened a magic chest. On T:5394 you reached level 5 of The Gnomish Mines. On T:5565 you advanced to experience level 8. On T:5748 you reached level 6 of The Gnomish Mines. On T:6202 you reached level 7 of The Gnomish Mines. On T:6234 you wished for "a blessed +2 gray dragon scale mail". On T:6480 you reached level 8 of The Gnomish Mines. On T:6480 you reached the bottom of the Mines. On T:6553 you advanced to experience level 9. On T:8703 you reached level 5 of The Dungeons of Doom. On T:8988 you reached level 6 of The Dungeons of Doom. On T:9409 you reached level 7 of The Dungeons of Doom. On T:9664 you reached level 8 of The Dungeons of Doom. On T:9740 you reached level 4 of Sokoban. On T:9943 you reached level 3 of Sokoban. On T:10297 you reached level 2 of Sokoban. On T:10827 you reached level 1 of Sokoban. On T:11376 you advanced to experience level 10. On T:11376 you entered the Sokoban zoo. On T:12117 you reached level 9 of The Dungeons of Doom. On T:12950 you reached level 10 of The Dungeons of Doom. On T:13339 you reached level 11 of The Dungeons of Doom. On T:13842 you reached level 12 of The Dungeons of Doom. On T:14183 you reached level 13 of The Dungeons of Doom. On T:14780 you reached level 14 of The Dungeons of Doom. On T:15147 you advanced to experience level 11. On T:15377 you reached level 15 of The Dungeons of Doom. On T:15987 you reached level 16 of The Dungeons of Doom. On T:16473 you reached level 17 of The Dungeons of Doom. On T:16473 you entered the Rogue tribute level. On T:16669 you prayed to Odin. On T:16990 you reached level 18 of The Dungeons of Doom. Score breakdown: Gold: 13954 ( 1395 points) Experience: 11 levels ( 1000 points) Exploration: 18 levels ( 510 points) Discoveries: 76 items ( 2000 points) Variety of kills: 140 monsters ( 2000 points) Major goal: Sokoban/Mines ( 1500 points) Survival: died (score multiplied by 3) Total score: 25215 Latest messages: The soldier ant bites! The soldier ant misses. (3x) You hear crashing rock. The soldier ant strikes at your displaced image and misses you! (2x) As you read the scroll, it disappears. The mountain nymph pretends to be friendly. The mountain nymph stole an uncursed +3 spear. You chop the mountain nymph! You hack the mountain nymph! The mountain nymph reads a scroll of create monster! The mountain nymph stole a wand of light. The sergeant wields a mace! You chop the sergeant! The yellow light bumps right into you! The sergeant swings his mace at you. The sergeant hits you! As you read the scroll, it disappears. The ettin swings her pick-axe at you. The ettin hits you! You die... Final status: Farvel Quirre the Valkyrie, killed by an ettin... You died in The Dungeons of Doom on dungeon level 18 with 25215 points, and 13954 pieces of gold, after 17006 moves. You were level 11 with a maximum of 112 hit points when you died.